 Dungeon Crawl Stone Soup version 0.30-a0-782-ge64f9170bb (webtiles) character file.

Game seed: 11444746771340935814

2 mopl the Sneak (level 1, -5/9 HPs)
             Began as a Vine Stalker Enchanter on Mar 13, 2023.
             Slain by a kobold
             ... wielding a +2 dagger of electrocution
              (14 damage)
             ... on level 1 of the Dungeon.
             The game lasted 00:00:10 (19 turns).

mopl the Sneak (Vine Stalker Enchanter)               Turns: 19, Time: 00:00:10

Health: -5/9       AC:  2    Str: 10    XL:     1   Next: 30%
Magic:  0/4        EV: 12    Int: 15    God:
Gold:   0          SH:  0    Dex: 14    Spells: 4/4 levels left

rFire   . . .      SeeInvis .    a - +1 dagger
rCold   . . .      Faith    .    (no shield)
rNeg    . . .      Spirit   +    b - +0 robe
rPois   .          Reflect  .    (no helmet)
rElec   .          Harm     .    (no cloak)
rCorr   .          Rampage  .    (no gloves)
Will    .....                    (no boots)
Stlth   ++                       (no amulet)
HPRegen 0.21/turn                (no ring)
MPRegen 0.09/turn                (no ring)

@: no status effects
A: fangs 2, magic shield, antimagic bite, no potion heal 2
a: no special abilities


You were on level 1 of the Dungeon.
You visited 1 branch of the dungeon, and saw 1 of its levels.

Inventory:

Hand Weapons
 a - a +1 dagger (weapon)
Armour
 b - a +0 robe (worn)
Potions
 c - 2 potions of invisibility


   Skills:
 + Level 0.9 Short Blades
 - Level 1.5 Dodging
 + Level 3.7 Stealth
 + Level 2.2 Spellcasting
 + Level 3.0 Hexes


You had 4 spell levels left.
You didn't know any spells.
Your spell library contained the following spells:

 Spells                   Type           Power      Damage    Failure   Level
 Ensorcelled Hibernation  Hex/Ice        12%        N/A       19%         2
 Confusing Touch          Hex            10%        N/A       19%         3
 Tukima's Dance           Hex            10%        N/A       19%         3
 Dazzling Flash           Conj/Hex       12%        N/A       34%         3


Dungeon Overview and Level Annotations

Branches:
Dungeon (1/15)

Altars:


Innate Abilities, Weirdness & Mutations

You have extremely sharp teeth.
When hurt, damage is shared between your health and your magic reserves.
Your bite disrupts and absorbs the magic of your enemies.
Potions cannot restore your health.


Message History

You closely miss the giant cockroach. Your bite misses the giant cockroach.
The giant cockroach is severely wounded.
The frilled lizard hisses angrily.
The giant cockroach closely misses you.
The frilled lizard hisses.
You barely miss the giant cockroach.
The giant cockroach is severely wounded.
The giant cockroach waves its antennae.
The giant cockroach barely misses you.
A kobold comes into view.
It is wielding a +2 dagger of electrocution.
The kobold shouts!
You hit the giant cockroach but do no damage.
The giant cockroach is severely wounded.
You hear a shout!
The giant cockroach closely misses you.
The giant cockroach completely misses you.
You hit the giant cockroach.
You kill the giant cockroach!
A jackal and a quokka come into view.
The frilled lizard barely misses you.
A kobold comes into view. It is wielding a +0 short sword.
The jackal moves out of view.
The quokka moves out of view.
You hit the frilled lizard.
The frilled lizard is heavily wounded.
The frilled lizard bites you but does no damage.
You completely miss the frilled lizard. You bite the frilled lizard.
You kill the frilled lizard!
A goblin comes into view. It is wielding a +0 club.
You closely miss the kobold. The kobold hits you but does no damage.
You closely miss the kobold.
The jackal barks!
Your bite misses the kobold.
A jackal comes into view.
The kobold misses you.
A giant cockroach comes into view.
The jackal barks!
The goblin shouts!
You hit the kobold but do no damage. You bite the kobold, but do no damage.
The kobold hits you but does no damage.
You are electrocuted!!
Ouch! That really hurt!
You die...

#..........
#......>.gB
##...!...... .
...........
..####........r.
................
..=#.....†..h.h.
.#...#(.@KK....?
................
########.####...
#.## . ##.# ##
#.## #.###.#
#.#.## #<##


You could see a quokka, 2 jackals, a giant cockroach, a goblin and 2 kobolds.

Vanquished Creatures
  A giant cockroach (D:1)
  A frilled lizard (D:1)
2 creatures vanquished.

Notes
Turn   | Place    | Note
-------+----------+-------------------------------------------
     0 | D:1      | mopl the Vine Stalker Enchanter began the quest for the
                  | Orb.
     0 | D:1      | Reached XP level 1. HP: 9/9 MP: 4/4
    19 | D:1      | Slain by a kobold

Illustrated notes

Levels and vault maps discovered:
D:1:      reono_arrival_mine, layout_rooms, serial_shops, shop

Action                     || total
---------------------------++-------
  Melee: Dagger            ||    12
         Bite              ||     2
 Armour: Robe              ||     4
  Dodge: Dodged            ||     7

Table legend: (Time is in decaauts)
 A = Elapsed time spent in this place.
 B = Non-inter-level travel time spent in this place.
 C = Inter-level travel time spent in this place.
 D = Time resting spent in this place.
 E = Time spent auto-exploring this place.
 F = Levels seen in this place.
 G = Mean time per level.
                   A        B        C        D        E       F      G
               +--------+--------+--------+--------+--------+-----+--------+
         Total |     18 |     18 |      0 |      0 |      4 |   1 |   18.0 |
       Dungeon |     18 |     18 |      0 |      0 |      4 |   1 |   18.0 |
               +--------+--------+--------+--------+--------+-----+--------+

Top non-repeatable levels by time:
     D:1: 18 daAuts
